 Dungeon Crawl Stone Soup version 0.21.1-1-g345015f (webtiles) character file.

308 goulibeur the Distorting Demonspawn (level 6, 0/48 HPs)
             Began as a Demonspawn Abyssal Knight on June 18, 2018.
             Was a Believer of Lugonu.
             Slain by a gnoll
             ... wielding a +0 halberd
              (12 damage)
             ... on level 5 of the Dungeon.
             The game lasted 00:10:45 (3574 turns).

goulibeur the Distorting Demonspawn (DsAK)          Turns: 3574, Time: 00:10:45

Health: 0/48       AC:  6    Str: 12    XL:     6   Next: 16%
Magic:  0/10       EV: 13    Int: 13    God:    Lugonu [**....]
Gold:   192        SH:  0    Dex: 15    Spells: 5/5 levels left

rFire    . . .     SeeInvis .   n - +0 long sword
rCold    . . .     Gourm    .   (no shield)
rNeg     . . .     Faith    .   m - +0 scale mail
rPois    .         Spirit   +   (no helmet)
rElec    .         Reflect  .   j - scarf {Spirit}
rCorr    .         Harm     .   (no gloves)
MR       .....                  (no boots)
Stlth    +.........             (no amulet)
HPRegen  0.16/turn              (no ring)
MPRegen  0.12/turn              (no ring)

@: no status effects
A: talons 2, repulsion field 2, nightstalker 1
a: Depart the Abyss, Bend Space, Renounce Religion


You were on level 5 of the Dungeon.
You worshipped Lugonu.
Lugonu was pleased with you.
You were not hungry.

You visited 1 branch of the dungeon, and saw 5 of its levels.
You visited the Abyss 1 time.

You collected 192 gold pieces.

Inventory:

Hand Weapons
 a - a +1 short sword
 n - a +0 long sword (weapon)
 u - a cursed -2 war axe
 v - a +1 falchion of draining
Armour
 b - a +0 leather armour
 j - a scarf of spirit shield (worn)
 m - a +0 scale mail (worn)
 p - a +0 ring mail
Jewellery
 f - a cursed -3 ring of protection {unknown}
Scrolls
 e - a scroll of teleportation {unknown}
 g - 3 scrolls of fear {unknown}
 i - 3 scrolls of identify {unknown}
 k - 3 scrolls of enchant armour {unknown}
 l - a scroll of fog {unknown}
 o - a scroll of immolation {unknown}
 q - 2 scrolls of remove curse {unknown}
 t - a scroll of amnesia {unknown}
Potions
 h - a potion of berserk rage {unknown}
 r - a potion of invisibility {unknown}
 s - a potion of lignification {unknown}
Comestibles
 c - 5 rations
 d - 3 chunks of flesh


   Skills:
 + Level 4.0 Fighting
 - Level 1.7 Short Blades
 + Level 3.1 Armour
 + Level 2.5 Dodging
 * Level 5.6 Invocations


You had 5 spell levels left.
You didn't know any spells.

Dungeon Overview and Level Annotations

Branches:
Dungeon (5/15)             Temple (0/1) D:4

Altars:
Gozag
Nemelex Xobeh
Wu Jian

Annotations:
D:4 Sigmund


Innate Abilities, Weirdness & Mutations

You have razor-sharp toenails.
You are surrounded by a moderate repulsion field. (EV +3)
You are slightly more attuned to the shadows.


Message History

The gnoll hits you from afar with a halberd.
You slash the gnoll!
You kill the gnoll!
Lugonu accepts your kill.
The gnoll hits you from afar with a halberd!
The gnoll hits you with a halberd!
Things that are here:
a spear; a gnoll corpse You hit the gnoll but do no damage.
The gnoll barely misses you.
You hit the gnoll.
The gnoll is lightly wounded.
The gnoll completely misses you.
You barely miss the gnoll. You claw the gnoll.
The gnoll is heavily wounded.
The gnoll barely misses you. The gnoll hits you with a halberd!
* * * LOW HITPOINT WARNING * * *
You hit the gnoll.
The gnoll is almost dead.
The gnoll hits you with a halberd!
You die...

########
#.#......#
#.#.####.#
##.#.#<.#.#
#.......#.#
#..#.#..#@#
#..#.####g#
#....#..#.#
#.........#
#.........#
#.........###
##..........###
#.......#....#
#...(...#....#


You could see a gnoll.

Vanquished Creatures
  A scorpion (D:2)
  A bullfrog skeleton (D:4)
  An iguana (D:4)
  A worker ant (D:4)
  Natasha (twice) (D:2)
  A gnoll (D:5)
  4 adders
  2 oozes
  3 worms
  2 dart slugs (D:1)
  8 orcs
  3 giant cockroaches
  6 goblins
  5 hobgoblins
  2 jackals (D:3)
  10 kobolds
  6 bats
  A frilled lizard (D:3)
  8 rats
67 creatures vanquished.

Notes
Turn   | Place    | Note
-------+----------+-------------------------------------------
     0 | Abyss:1  | goulibeur the Demonspawn Abyssal Knight began the quest for the Orb.
     0 | Abyss:1  | Reached XP level 1. HP: 18/18 MP: 2/2
    52 | Abyss:1  | Found a corrupted altar of Lugonu.
    88 | Abyss:1  | Noticed a wraith
    88 | D:1      | Escaped the Abyss
   137 | D:1      | Reached skill level 1 in Dodging
   146 | D:1      | Reached * piety under Lugonu
   405 | D:1      | Reached skill level 3 in Invocations
   405 | D:1      | Gained mutation: You are surrounded by a mild repulsion field. (EV +2) [demonic ancestry]
   405 | D:1      | Reached XP level 2. HP: 24/24 MP: 2/4
  1273 | D:2      | Gained mutation: You have sharp toenails. [demonic ancestry]
  1273 | D:2      | Reached XP level 3. HP: 26/29 MP: 5/5
  1407 | D:2      | Found an ornate altar of the Wu Jian Council.
  2178 | D:3      | Noticed Natasha
  2180 | D:3      | Noticed a scorpion
  2186 | D:2      | Killed Natasha
  2186 | D:2      | Reached skill level 4 in Invocations
  2186 | D:2      | Gained mutation: You are slightly more attuned to the shadows. [demonic ancestry]
  2186 | D:2      | Reached XP level 4. HP: 22/35 MP: 4/7
  2196 | D:2      | Reached ** piety under Lugonu
  2328 | D:2      | Noticed Natasha
  2336 | D:2      | Killed Natasha
  2336 | D:2      | Gained mutation: You are surrounded by a moderate repulsion field. (EV +3) [demonic ancestry]
  2336 | D:2      | Reached XP level 5. HP: 20/42 MP: 5/8
  2759 | D:3      | Reached skill level 5 in Invocations
  2909 | D:3      | Found an opulent altar of Gozag.
  2910 | D:3      | Found a sparkling altar of Nemelex Xobeh.
  3198 | D:4      | Found a staircase to the Ecumenical Temple.
  3210 | D:4      | Gained mutation: You have razor-sharp toenails. [demonic ancestry]
  3210 | D:4      | Reached XP level 6. HP: 27/48 MP: 5/10
  3341 | D:4      | Noticed Sigmund
  3444 | D:5      | Entered Level 5 of the Dungeon
  3574 | D:5      | Slain by a gnoll

Skill      XL: |  1  2  3  4  5 |
---------------+----------------+-----
Dodging        | 1 2 |  2.5
Invocations    | 3 4 5 |  5.6
Armour         | 2 3 |  3.1
Fighting       | 4 |  4.0
Short Blades   | |  1.7

Action                   |  1- 3 |  4- 6 || total
-------------------------+-------+-------++-------
Melee: Short sword       |    89 |       ||    89
       Long sword        |    22 |   117 ||   139
       Kick              |    10 |    34 ||    44
Invok: Depart the Abyss  |     1 |       ||     1
  Use: Potion            |       |     2 ||     2
 Stab: Sleeping          |     1 |       ||     1
  Eat: Chunk             |     4 |     5 ||     9
Armor: Leather armour    |    19 |       ||    19
       Ring mail         |     3 |     8 ||    11
       Scale mail        |       |    20 ||    20
Dodge: Dodged            |    76 |    80 ||   156
       Rpst.: Long sword |     5 |    31 ||    36
